[ AOE2 MATCH · #506136763 ]
UnrankedChinese vs Byzantines
Player's team · WIN
Rival team · LOSS
[ REPLAY ANALYSIS · EXTRACTED FROM THE RECORDED GAME ]
Feudal
9:15
Castle
24:31
Imperial
—
| APM avg | 38.6 |
| APM peak | 75 |
| eAPM avg | 16.7 |
| Villagers / military | 61 / 32 |
Focus
⚔️ 36.3% · 🌾 63.7%
Knight ×19 · Scout Cavalry ×9 · Fire Lancer ×4
Feudal
9:15
Castle
24:44
Imperial
—
| APM avg | 39.3 |
| APM peak | 71 |
| eAPM avg | 25.9 |
| Villagers / military | 81 / 29 |
Focus
⚔️ 24.1% · 🌾 75.9%
Spearman ×12 · Camel Scout ×11 · Monk ×3 · Battering Ram ×2 · Scout Cavalry ×1
Match map
Initial resources + every placement click. Lines = walls · curves = elevation contours. ◆ gold · ⬟ stone · ● berries · ✦ relic · ◌ wall gap
Your base· ✓ Closed at 24:31 · 53t walls · 3 gate(s)
Jaguar82's base· Open — unwalled flank
Smoothed initial terrain · ◌ = detected wall gap · hover for details
Inputs per minute
— Ellis - - Jaguar82
Build order — Ellis
First 150 of 211 actions detected
| 0:01 | Research | Loom |
| 0:54 | Queue | Villager (Male) |
| 1:20 | Queue | Villager (Male) |
| 1:50 | Queue | Villager (Male) |
| 1:50 | Queue | Villager (Male) |
| 2:17 | Queue | Villager (Male) |
| 2:17 | Queue | Villager (Male) |
| 2:20 | Build | Lumber Camp |
| 2:46 | Queue | Villager (Male) |
| 3:10 | Queue | Villager (Male) |
| 3:10 | Queue | Villager (Male) |
| 3:15 | Build | House |
| 3:26 | Queue | Villager (Male) |
| 3:51 | Queue | Villager (Male) |
| 3:51 | Queue | Villager (Male) |
| 4:23 | Queue | Villager (Male) |
| 4:28 | Queue | Villager (Male) |
| 4:28 | Queue | Villager (Male) |
| 4:29 | Queue | Villager (Male) |
| 5:01 | Build | Mill |
| 5:32 | Build | House |
| 5:43 | Queue | Villager (Male) |
| 5:44 | Queue | Villager (Male) |
| 6:37 | Queue | Villager (Male) |
| 7:05 | Research | Feudal Age |
| 7:05 | Research | Feudal Age |
| 7:52 | Build | Barracks |
| 8:47 | Build | Palisade Gate |
| 8:48 | Build | Palisade Wall |
| 9:06 | Queue | Villager (Male) |
| 9:15 | Age | Feudal Age |
| 9:17 | Build | Stable |
| 9:19 | Build | Mill |
| 9:23 | Research | Double-Bit Axe |
| 9:23 | Research | Double-Bit Axe |
| 9:36 | Build | Palisade Gate |
| 9:38 | Build | House |
| 9:38 | Build | Palisade Wall |
| 9:41 | Build | Palisade Wall |
| 9:44 | Queue | Villager (Male) |
| 9:45 | Queue | Scout Cavalry |
| 9:45 | Queue | Scout Cavalry |
| 9:57 | Build | Palisade Wall |
| 9:58 | Build | Palisade Wall |
| 10:01 | Build | Palisade Wall |
| 10:10 | Queue | Scout Cavalry |
| 10:15 | Queue | Villager (Male) |
| 10:23 | Build | Farm |
| 10:24 | Build | Farm |
| 10:33 | Research | Horse Collar |
| 10:34 | Research | Horse Collar |
| 10:47 | Build | Palisade Wall |
| 10:50 | Queue | Villager (Male) |
| 10:54 | Build | Farm |
| 11:01 | Build | Palisade Wall |
| 11:20 | Queue | Villager (Male) |
| 11:36 | Queue | Villager (Male) |
| 11:41 | Build | Palisade Wall |
| 11:55 | Queue | Villager (Male) |
| 12:01 | Build | Farm |
| 12:05 | Build | Palisade Wall |
| 12:06 | Build | Palisade Wall |
| 12:10 | Build | Palisade Wall |
| 12:14 | Queue | Scout Cavalry |
| 12:15 | Queue | Villager (Male) |
| 12:20 | Build | House |
| 12:27 | Build | Farm |
| 12:38 | Build | House |
| 12:41 | Build | Palisade Wall |
| 12:50 | Build | Palisade Wall |
| 12:52 | Build | Palisade Wall |
| 12:56 | Build | Farm |
| 12:58 | Build | Palisade Gate |
| 13:05 | Queue | Villager (Male) |
| 13:28 | Build | Farm |
| 13:30 | Queue | Scout Cavalry |
| 13:32 | Queue | Villager (Male) |
| 13:40 | Build | Palisade Wall |
| 13:42 | Queue | Scout Cavalry |
| 13:55 | Build | Blacksmith |
| 13:57 | Queue | Villager (Male) |
| 14:12 | Queue | Scout Cavalry |
| 14:20 | Queue | Villager (Male) |
| 14:26 | Build | Mining Camp |
| 14:42 | Build | Watch Tower |
| 14:44 | Research | Fletching |
| 14:56 | Queue | Villager (Male) |
| 15:03 | Build | House |
| 15:09 | Build | Palisade Wall |
| 15:11 | Build | Palisade Wall |
| 15:14 | Queue | Scout Cavalry |
| 15:38 | Build | Palisade Wall |
| 15:45 | Queue | Scout Cavalry |
| 15:54 | Build | Watch Tower |
| 15:59 | Build | Farm |
| 16:00 | Build | Farm |
| 16:32 | Queue | Villager (Male) |
| 16:43 | Build | Farm |
| 17:00 | Queue | Villager (Male) |
| 17:08 | Build | Watch Tower |
| 17:09 | Queue | Villager (Male) |
| 17:11 | Build | Farm |
| 17:23 | Build | Farm |
| 17:25 | Build | Farm |
| 17:34 | Research | Town Watch |
| 17:37 | Build | Farm |
| 17:41 | Build | Mining Camp |
| 17:45 | Build | Farm |
| 18:04 | Queue | Villager (Male) |
| 18:22 | Queue | Villager (Male) |
| 18:33 | Build | Watch Tower |
| 18:35 | Queue | Villager (Male) |
| 18:38 | Research | Wheelbarrow |
| 18:58 | Queue | Villager (Male) |
| 19:03 | Build | House |
| 19:03 | Build | House |
| 19:37 | Queue | Villager (Male) |
| 20:08 | Build | Farm |
| 20:22 | Queue | Villager (Male) |
| 20:47 | Build | Market |
| 20:48 | Build | Palisade Wall |
| 21:07 | Queue | Villager (Male) |
| 21:20 | Build | Watch Tower |
| 21:51 | Research | Castle Age |
| 21:51 | Research | Castle Age |
| 22:29 | Build | Watch Tower |
| 22:42 | Build | Palisade Gate |
| 23:21 | Build | Stable |
| 23:25 | Research | Gold Mining |
| 23:26 | Research | Stone Mining |
| 23:41 | Research | Bloodlines |
| 23:43 | Research | Forging |
| 23:50 | Research | Scale Barding Armor |
| 24:17 | Build | Watch Tower |
| 24:24 | Build | Farm |
| 24:31 | Age | Castle Age |
| 24:34 | Research | Bodkin Arrow |
| 24:36 | Queue | Knight |
| 24:36 | Queue | Knight |
| 24:37 | Queue | Villager (Male) |
| 24:47 | Build | University |
| 24:51 | Queue | Villager (Male) |
| 25:08 | Queue | Knight |
| 25:08 | Queue | Knight |
| 25:08 | Queue | Knight |
| 25:09 | Queue | Knight |
| 25:14 | Queue | Villager (Male) |
| 25:38 | Queue | Knight |
| 25:39 | Queue | Knight |
| 25:39 | Queue | Knight |
Build order — Jaguar82
First 150 of 222 actions detected
| 0:00 | Queue | Villager (Male) |
| 0:00 | Queue | Villager (Male) |
| 0:00 | Queue | Villager (Male) |
| 0:01 | Queue | Villager (Male) |
| 0:02 | Build | House |
| 0:03 | Build | House |
| 1:34 | Queue | Villager (Male) |
| 2:01 | Queue | Villager (Male) |
| 2:09 | Queue | Villager (Male) |
| 2:12 | Build | House |
| 2:40 | Queue | Villager (Male) |
| 2:45 | Build | Lumber Camp |
| 3:12 | Queue | Villager (Male) |
| 3:32 | Queue | Villager (Male) |
| 3:56 | Queue | Villager (Male) |
| 4:06 | Queue | Villager (Male) |
| 4:24 | Queue | Villager (Male) |
| 5:03 | Build | Mill |
| 5:12 | Queue | Villager (Male) |
| 5:13 | Queue | Villager (Male) |
| 5:15 | Queue | Villager (Male) |
| 5:17 | Research | Loom |
| 6:55 | Research | Feudal Age |
| 7:04 | Build | House |
| 7:06 | Build | Palisade Wall |
| 7:16 | Build | Palisade Gate |
| 7:57 | Queue | Villager (Male) |
| 8:01 | Build | Barracks |
| 8:24 | Build | Palisade Wall |
| 8:30 | Build | Palisade Wall |
| 9:15 | Age | Feudal Age |
| 9:18 | Queue | Villager (Male) |
| 9:20 | Research | Double-Bit Axe |
| 9:26 | Build | Stable |
| 9:32 | Build | House |
| 9:46 | Research | Horse Collar |
| 9:47 | Queue | Villager (Male) |
| 9:51 | Build | Farm |
| 10:08 | Queue | Villager (Male) |
| 10:11 | Build | Farm |
| 10:21 | Build | Farm |
| 10:34 | Queue | Scout Cavalry |
| 10:35 | Queue | Villager (Male) |
| 10:42 | Queue | Villager (Male) |
| 10:44 | Build | Farm |
| 10:47 | Build | Farm |
| 11:04 | Build | Farm |
| 11:12 | Build | Farm |
| 11:13 | Queue | Villager (Male) |
| 11:23 | Build | Farm |
| 11:34 | Queue | Spearman |
| 11:34 | Queue | Spearman |
| 11:34 | Queue | Spearman |
| 11:37 | Build | Palisade Wall |
| 11:37 | Build | Palisade Wall |
| 11:38 | Build | Palisade Wall |
| 11:41 | Build | Palisade Wall |
| 11:42 | Build | Palisade Wall |
| 11:42 | Build | Palisade Wall |
| 11:43 | Build | Palisade Wall |
| 12:00 | Queue | Spearman |
| 12:00 | Queue | Villager (Male) |
| 12:04 | Build | Farm |
| 12:04 | Build | Farm |
| 12:04 | Build | Farm |
| 12:04 | Build | Farm |
| 12:15 | Build | Farm |
| 12:25 | Build | House |
| 12:27 | Build | House |
| 12:39 | Queue | Villager (Male) |
| 12:45 | Build | Farm |
| 12:48 | Build | Farm |
| 12:58 | Queue | Villager (Male) |
| 13:03 | Build | Farm |
| 13:04 | Build | Farm |
| 13:09 | Build | Farm |
| 13:19 | Queue | Villager (Male) |
| 13:30 | Build | Farm |
| 13:38 | Queue | Villager (Male) |
| 13:54 | Queue | Spearman |
| 14:04 | Build | Blacksmith |
| 14:07 | Build | House |
| 14:08 | Build | House |
| 14:14 | Queue | Villager (Male) |
| 14:23 | Build | Farm |
| 14:28 | Queue | Villager (Male) |
| 14:41 | Queue | Spearman |
| 14:45 | Build | Farm |
| 14:59 | Build | Watch Tower |
| 15:01 | Queue | Villager (Male) |
| 15:02 | Queue | Villager (Male) |
| 15:02 | Queue | Villager (Male) |
| 15:12 | Queue | Villager (Male) |
| 15:12 | Queue | Villager (Male) |
| 15:13 | Queue | Villager (Male) |
| 15:15 | Queue | Villager (Male) |
| 15:49 | Build | Lumber Camp |
| 15:57 | Queue | Villager (Male) |
| 16:51 | Queue | Spearman |
| 16:51 | Queue | Spearman |
| 16:53 | Queue | Spearman |
| 16:53 | Queue | Spearman |
| 16:56 | Queue | Spearman |
| 17:27 | Queue | Villager (Male) |
| 17:28 | Queue | Villager (Male) |
| 17:32 | Build | Mining Camp |
| 17:58 | Research | Forging |
| 18:45 | Queue | Villager (Male) |
| 18:49 | Research | Wheelbarrow |
| 19:13 | Build | Watch Tower |
| 19:16 | Queue | Villager (Male) |
| 19:21 | Build | House |
| 19:22 | Build | House |
| 19:23 | Build | House |
| 19:24 | Build | House |
| 19:37 | Build | Mining Camp |
| 19:43 | Build | Farm |
| 19:43 | Build | Farm |
| 19:55 | Research | Fletching |
| 19:56 | Research | Scale Barding Armor |
| 20:03 | Build | Farm |
| 20:04 | Build | Farm |
| 20:10 | Build | House |
| 20:25 | Queue | Villager (Male) |
| 20:39 | Build | Palisade Wall |
| 20:59 | Queue | Villager (Male) |
| 21:13 | Build | Farm |
| 21:23 | Queue | Villager (Male) |
| 21:29 | Build | Watch Tower |
| 21:45 | Queue | Spearman |
| 22:00 | Research | Castle Age |
| 22:13 | Build | Stable |
| 22:14 | Build | Stable |
| 22:19 | Research | Scale Barding Armor |
| 22:36 | Build | Watch Tower |
| 22:40 | Queue | Villager (Male) |
| 22:59 | Build | Watch Tower |
| 24:30 | Build | Farm |
| 24:31 | Build | Farm |
| 24:32 | Build | Farm |
| 24:38 | Build | Farm |
| 24:44 | Age | Castle Age |
| 24:47 | Queue | Camel Scout ×4 |
| 24:59 | Build | Siege Workshop |
| 25:08 | Queue | Villager (Male) |
| 25:12 | Queue | Camel Scout ×2 |
| 25:13 | Queue | Villager (Male) |
| 25:16 | Build | Town Center |
| 25:27 | Queue | Villager (Male) |
| 25:29 | Queue | Villager (Male) |
Match timeline
| 7:06 | Jaguar82 · wall_segment Palisade Wall x10 |
| 7:52 | Ellis · first_building Barracks |
| 8:01 | Jaguar82 · first_building Barracks |
| 8:24 | Jaguar82 · wall_segment Palisade Wall x1 |
| 8:30 | Jaguar82 · wall_segment Palisade Wall x1 |
| 8:48 | Ellis · wall_segment Palisade Wall x1 |
| 9:15 | Ellis · age_up feudal |
| 9:15 | Jaguar82 · age_up feudal |
| 9:17 | Ellis · first_building Stable |
| 9:26 | Jaguar82 · first_building Stable |
| 9:38 | Ellis · wall_segment Palisade Wall x1 |
| 9:41 | Ellis · wall_segment Palisade Wall x1 |
| 9:57 | Ellis · wall_segment Palisade Wall x2 |
| 9:58 | Ellis · wall_segment Palisade Wall x1 |
| 10:01 | Ellis · wall_segment Palisade Wall x4 |
| 10:47 | Ellis · wall_segment Palisade Wall x3 |
| 11:01 | Ellis · wall_segment Palisade Wall x4 |
| 11:37 | Jaguar82 · wall_segment Palisade Wall x1 |
| 11:37 | Jaguar82 · wall_segment Palisade Wall x1 |
| 11:38 | Jaguar82 · wall_segment Palisade Wall x1 |
| 11:41 | Jaguar82 · wall_segment Palisade Wall x1 |
| 11:41 | Ellis · wall_segment Palisade Wall x3 |
| 11:42 | Jaguar82 · wall_segment Palisade Wall x1 |
| 11:42 | Jaguar82 · wall_segment Palisade Wall x1 |
| 11:43 | Jaguar82 · wall_segment Palisade Wall x1 |
| 12:05 | Ellis · wall_segment Palisade Wall x3 |
| 12:06 | Ellis · wall_segment Palisade Wall x4 |
| 12:10 | Ellis · wall_segment Palisade Wall x3 |
| 12:41 | Ellis · wall_segment Palisade Wall x4 |
| 12:50 | Ellis · wall_segment Palisade Wall x9 |
| 12:52 | Ellis · wall_segment Palisade Wall x6 |
| 13:40 | Ellis · wall_segment Palisade Wall x1 |
| 15:09 | Ellis · wall_segment Palisade Wall x1 |
| 15:11 | Ellis · wall_segment Palisade Wall x1 |
| 15:38 | Ellis · wall_segment Palisade Wall x1 |
| 20:39 | Jaguar82 · wall_segment Palisade Wall x1 |
| 20:48 | Ellis · wall_segment Palisade Wall x2 |
| 24:31 | Ellis · age_up castle |
| 24:44 | Jaguar82 · age_up castle |
| 24:59 | Jaguar82 · first_building Siege Workshop |
| 27:01 | Jaguar82 · first_building Monastery |
| 27:32 | Ellis · first_building Castle |
| 32:51 | Jaguar82 · resign |
[ AI ANALYSIS · 1 CREDIT ]
What really happened in this match?
Wolo.gg analyzes every decision: build order, eco, micro, common mistakes by bracket. Personalized analysis on WhatsApp or Discord in 30 seconds.
Civ guide
Chinese
Perfil
Jugador #18015351